 Dungeon Crawl Stone Soup version 0.21-a0-536-gdbbf329 (webtiles) character file.

902 tidbits the Digger (level 8, -2/57 HPs)
             Began as a Gnoll Earth Elementalist on Dec 15, 2017.
             Was a Follower of Cheibriados.
             Killed from afar by an orc wizard (10 damage)
             ... with a puff of frost
             ... on level 6 of the Dungeon.
             The game lasted 00:15:56 (1496 turns).

tidbits the Digger (Gnoll Earth Elementalist)       Turns: 1496, Time: 00:15:56

Health: -2/57      AC:  8    Str: 13    XL:     8   Next: 7%
Magic:  12/16      EV: 16    Int: 23    God:    Cheibriados [*.....]
Gold:   334        SH:  0    Dex: 19    Spells: 12/18 levels left

rFire    . . .     SeeInvis .   w - +2 mace (venom)
rCold    . . .     Gourm    .   (no shield)
rNeg     . . .     Faith    .   B - +0 robe
rPois    .         Spirit   .   E - +0 helmet
rElec    .         Reflect  .   (no cloak)
rCorr    .         Harm     .   G - +0 pair of gloves
MR       .....                  F - +0 pair of boots
Stlth    +++.......             (no amulet)
HPRegen  0.19/turn              W - ring of wizardry
MPRegen  0.15/turn              U - +3 ring of protection

@: hasted, quick
A: distributed training, fangs 1, strong nose
a: Bend Time, Renounce Religion


You were on level 6 of the Dungeon.
You worshipped Cheibriados.
Cheibriados was aware of your devotion.
You were not hungry.

You visited 2 branches of the dungeon, and saw 8 of its levels.

You collected 334 gold pieces.

Inventory:

Hand Weapons
 k - a +0 hunting sling
 w - a +2 mace of venom (weapon)
   (You found it on level 4 of the Dungeon)
 y - a +0 quarterstaff
 D - a +0 war axe
Missiles
 b - 76 stones (quivered)
 q - 62 arrows
 C - 5 tomahawks
Armour
 a - a +0 ring mail
 B - a +0 robe (worn)
 E - a +0 helmet (worn)
 F - a +0 pair of boots (worn)
 G - a +0 pair of gloves (worn)
Jewellery
 U - a +3 ring of protection (right hand)
   (You took it off a kobold on level 6 of the Dungeon)
 W - a ring of wizardry (left hand)
   (You found it on level 3 of the Dungeon)
Scrolls
 i - 2 scrolls of random uselessness {unknown}
 l - a scroll of fear {unknown}
 n - a scroll of amnesia {unknown}
 p - a scroll of blinking
 r - 4 scrolls of remove curse
 v - a scroll of fog {unknown}
 x - 2 scrolls of teleportation
Potions
 c - 2 potions of resistance {unknown}
 f - 3 potions of invisibility {unknown}
 h - 3 potions of haste
 j - 2 potions of degeneration {unknown}
 m - a potion of berserk rage
 o - a potion of flight {unknown}
 s - a potion of ambrosia
 u - a potion of heal wounds {unknown}
 z - a potion of lignification {unknown}
 A - 4 potions of curing {unknown}
Books
 e - a book of Geomancy

   Spells                             Type                      Level
   a - Sandblast                      Earth                        1
   b - Passwall                       Transmutation/Earth          2
   c - Stone Arrow                    Conjuration/Earth            3
   d - Petrify                        Transmutation/Earth          4
   e - Lee's Rapid Deconstruction     Earth                        5
 t - a book of Minor Magic
   (You found it on level 6 of the Dungeon)

   Spells                             Type                      Level
   a - Magic Dart                     Conjuration                  1
   b - Blink                          Translocation                2
   c - Call Imp                       Summoning                    2
   d - Slow                           Hexes                        2
   e - Conjure Flame                  Conjuration/Fire             3
   f - Mephitic Cloud                 Conjuration/Poison/Air       3
 H - a book of Conjurations
   (You found it on level 6 of the Dungeon)

   Spells                             Type                      Level
   a - Magic Dart                     Conjuration                  1
   b - Searing Ray                    Conjuration                  2
   c - Dazzling Spray                 Conjuration/Hexes            3
   d - Fulminant Prism                Conjuration/Hexes            4
   e - Force Lance                    Conjuration/Translocation    4
   f - Iskenderun's Mystic Blast      Conjuration                  4
 I - Fiwurouc's Papyrus of Envenoming
   (You found it on level 6 of the Dungeon)

   Spells                             Type                      Level
   a - Sting                          Conjuration/Poison           1
   b - Poisonous Vapours              Poison/Air                   2
   c - Mephitic Cloud                 Conjuration/Poison/Air       3
   d - Spider Form                    Transmutation/Poison         3
   e - Olgreb's Toxic Radiance        Poison                       4
Comestibles
 d - 3 bread rations
 g - a meat ration


   Skills:
 + Level 2.8 Fighting
 + Level 2.8 Short Blades
 + Level 2.8 Long Blades
 + Level 2.8 Axes
 + Level 2.8 Maces & Flails
 + Level 2.8 Polearms
 + Level 2.8 Staves
 + Level 2.8 Slings
 + Level 2.8 Bows
 + Level 2.8 Crossbows
 + Level 2.8 Throwing
 + Level 2.8 Armour
 + Level 5.4 Dodging
 + Level 5.1 Stealth
 + Level 2.8 Shields
 + Level 2.8 Unarmed Combat
 + Level 5.8 Spellcasting
 + Level 2.3 Conjurations
 + Level 2.3 Hexes
 + Level 2.3 Charms
 + Level 2.3 Summonings
 + Level 2.3 Necromancy
 + Level 2.3 Translocations
 + Level 3.2 Transmutations
 + Level 2.3 Fire Magic
 + Level 2.3 Ice Magic
 + Level 2.3 Air Magic
 + Level 6.0 Earth Magic
 + Level 2.3 Poison Magic
 + Level 3.1 Invocations
 + Level 2.8 Evocations


You had 12 spell levels left.
You knew the following spells:

 Your Spells              Type           Power        Failure   Level  Hunger
a - Sandblast             Erth           ####..       1%          1    None
t - Stone Arrow           Conj/Erth      ####..       1%          3    #......
w - Passwall              Tmut/Erth      ####......   1%          2    None


Dungeon Overview and Level Annotations

Branches:
Dungeon (7/15)             Temple (1/1) D:6

Altars:
Ashenzari
Cheibriados
Fedhas
Gozag
Hepliaklqana
Makhleb
Nemelex Xobeh
Okawaru
Qazlal
Ru
Sif Muna
Zin


Innate Abilities, Weirdness & Mutations

Your experience applies equally to all skills.
You have very sharp teeth.
Your uncanny sense of smell can sniff out nearby items.


Message History

You see here a kobold corpse.
Adjust (i)tems, (s)pells, or (a)bilities?
Adjust which item? (? for menu, Esc to quit)
H - a +3 ring of protection (right hand) Adjust to which letter? (? for menu, Esc to quit)
U - a +3 ring of protection (right hand)
There is an open gate here.
Found an inconspicuous book.
You see here a book of Conjurations.
H - a book of Conjurations You see here Fiwurouc's Papyrus of Envenoming.
I - Fiwurouc's Papyrus of Envenoming
Things that are here:
a short sword; a stone
There is an open gate here.
Found 10 gold pieces.
You see here 10 gold pieces.
You now have 334 gold pieces (gained 10).
Casting: Sandblast
Confirm with . or Enter, or press ? or * to list all spells.
Which direction?
You begin to meditate on the wall.
You continue meditating on the rock. x2
You finish merging with the rock.
Found a stone staircase leading down.
There is a stone staircase leading down here.
You climb downwards.
You hear the hiss of flowing sand.
There is an entrance to an ossuary on this level.
Hurry and find it before the portal is buried! 3 orcs, an orc warrior, an orc priest and 2 orc wizards come into view.
An orc wizard is wielding a dagger of holy wrath.
Found a scroll labeled VEABBOMPOF.
Found a stone staircase leading up.
There is a stone staircase leading up here.
A black bear and an orc come into view.
The orc moves out of view.
The orc warrior shouts!
The orc wizard shouts!
The orc priest shouts!
The orc wizard shouts!
The orc shouts! x2
The orc hits you with a mace!
There is a stone staircase leading up here.
The orc priest calls down the wrath of Beogh upon you.
Beogh smites you!
* * * LOW HITPOINT WARNING * * *
The orc closely misses you.
You climb upwards.
Found a twisted smoking staff.
There is a stone staircase leading down here.
Casting: Passwall
Confirm with . or Enter, or press ? or * to list all spells.
Aiming: Sandblast
Press: ? - help, Shift-Dir - straight line, f - orc wizard
Aim: an orc wizard, wielding a dagger and wearing a robe The blast of sand hits the orc wizard.
You kill the orc wizard!
Cheibriados appreciates the change of pace.
Your Earth Magic skill increases to level 6!
b - 79 stones The orc wizard hits you with a dagger of holy wrath.
* * * LOW HITPOINT WARNING * * *
The orc closely misses you.
Casting: Sandblast
Confirm with . or Enter, or press ? or * to list all spells.
Aiming: Sandblast
Press: ? - help, Shift-Dir - straight line, f - orc wizard
Aim: an orc wizard, wielding a dagger of holy wrath and wearing a robe The blast of sand misses the orc wizard.
b - 78 stones The orc wizard hits you with a dagger of holy wrath.
* * * LOW HITPOINT WARNING * * *
The orc hits you with a mace.
* * * LOW HITPOINT WARNING * * *
Casting: Sandblast
Confirm with . or Enter, or press ? or * to list all spells.
Aiming: Sandblast
Press: ? - help, Shift-Dir - straight line, f/p - orc wizard
Aim: an orc wizard, wielding a dagger of holy wrath and wearing a robe The blast of sand hits the orc wizard.
The orc wizard is severely wounded.
b - 77 stones The orc wizard gestures at you while chanting.
The magic dart hits you!
* * * LOW HITPOINT WARNING * * *
The orc barely misses you.
Casting: Sandblast
Confirm with . or Enter, or press ? or * to list all spells.
Aiming: Sandblast
Press: ? - help, Shift-Dir - straight line, f/p - orc wizard
Aim: an orc wizard, wielding a dagger of holy wrath and wearing a robe (severely wounded)
The blast of sand misses the orc wizard.
b - 76 stones The orc wizard casts a spell.
The orc wizard flickers and vanishes!
Casting: Sandblast
Confirm with . or Enter, or press ? or * to list all spells.
Okay, then.
It was a potion of haste.
You feel yourself speed up.
Cheibriados forgives your accidental hurry, just this once.
The orc misses you.
You hear some strange, mumbled words.
A puff of frost appears from out of thin air!
The puff of frost hits you!
You die...

# #. .∆ #.# ### #.##.##
.|# #.#...### #.# .....
W #.# #... # #.#
###.#### #o# #.......
#.#@# ######.#.....
......{.)..........#####
#####.#.###.#####..# #
#.#.. ...).....# ##
####.#####.######.# ##.
#..........# ###.###..
#.##.......## #........
#.##........###.#.###..
#>##.......#....#......


You could see an orc.

Vanquished Creatures
  A black bear (D:6)
  An ice beast (D:5)
  An ogre (D:4)
  A centaur (D:6)
  A big kobold (D:6)
  A scorpion (D:4)
  A howler monkey (D:4)
  3 hounds
  An orc priest (D:6)
  An orc wizard (D:6)
  A centaur skeleton (D:6)
  An iguana (D:6)
  2 worker ants (D:5)
  A hound zombie (D:5)
  A hound skeleton (D:5)
  A howler monkey zombie (D:5)
  4 gnolls (D:3)
  2 adders
  A shadow imp (D:6)
  An adder zombie (D:6)
  A worm (D:4)
  A dart slug (D:2)
  2 leopard geckos (D:5)
  9 orcs
  A giant cockroach (D:3)
  2 goblins (D:2)
  A hobgoblin (D:2)
  A quokka (D:2)
  A ball python (D:3)
  A frilled lizard (D:2)
  8 kobolds
  A leopard gecko skeleton (D:5)
  A rat (D:2)
57 creatures vanquished.

Vanquished Creatures (others)
  9 fungi (D:6)
  8 toadstools (D:6)
17 creatures vanquished.

Grand Total: 74 creatures vanquished

Notes
Turn   | Place    | Note
-------+----------+-------------------------------------------
     0 | D:1      | tidbits the Gnoll Earth Elementalist began the quest for the Orb.
     0 | D:1      | Reached XP level 1. HP: 13/13 MP: 6/6
   166 | D:2      | Reached skill level 2 in Transmutations
   192 | D:2      | Reached XP level 2. HP: 19/19 MP: 2/7
   197 | D:2      | Learned a level 2 spell: Passwall
   334 | D:3      | Reached skill level 5 in Spellcasting
   334 | D:3      | Reached XP level 3. HP: 21/25 MP: 2/9
   335 | D:3      | Reached skill level 1 in Invocations
   339 | D:3      | Reached skill level 1 in Fighting
   339 | D:3      | Reached skill level 1 in Short Blades
   339 | D:3      | Reached skill level 1 in Long Blades
   339 | D:3      | Reached skill level 1 in Axes
   339 | D:3      | Reached skill level 1 in Maces & Flails
   339 | D:3      | Reached skill level 1 in Polearms
   339 | D:3      | Reached skill level 1 in Staves
   339 | D:3      | Reached skill level 1 in Slings
   339 | D:3      | Reached skill level 1 in Bows
   339 | D:3      | Reached skill level 1 in Crossbows
   339 | D:3      | Reached skill level 1 in Throwing
   339 | D:3      | Reached skill level 1 in Armour
   339 | D:3      | Reached skill level 1 in Shields
   339 | D:3      | Reached skill level 1 in Unarmed Combat
   339 | D:3      | Reached skill level 1 in Evocations
   421 | D:4      | Noticed a phantom
   453 | D:3      | Reached XP level 4. HP: 30/32 MP: 2/11
   573 | D:4      | Noticed an ogre
   579 | D:4      | Killed an ogre
   579 | D:4      | Reached skill level 1 in Conjurations
   579 | D:4      | Reached skill level 1 in Hexes
   579 | D:4      | Reached skill level 1 in Charms
   579 | D:4      | Reached skill level 1 in Summonings
   579 | D:4      | Reached skill level 1 in Necromancy
   579 | D:4      | Reached skill level 1 in Translocations
   579 | D:4      | Reached skill level 1 in Fire Magic
   579 | D:4      | Reached skill level 1 in Ice Magic
   579 | D:4      | Reached skill level 1 in Air Magic
   579 | D:4      | Reached skill level 1 in Poison Magic
   579 | D:4      | Reached XP level 5. HP: 37/37 MP: 0/12
   669 | D:4      | Reached XP level 6. HP: 15/44 MP: 1/13
   773 | D:4      | Reached skill level 2 in Invocations
   799 | D:5      | Entered Level 5 of the Dungeon
   862 | D:5      | Reached skill level 5 in Dodging
   865 | D:5      | Noticed an ice beast
   877 | D:5      | Killed an ice beast
   877 | D:5      | Reached skill level 2 in Fighting
   877 | D:5      | Reached skill level 2 in Short Blades
   877 | D:5      | Reached skill level 2 in Long Blades
   877 | D:5      | Reached skill level 2 in Axes
   877 | D:5      | Reached skill level 2 in Maces & Flails
   877 | D:5      | Reached skill level 2 in Polearms
   877 | D:5      | Reached skill level 2 in Staves
   877 | D:5      | Reached skill level 2 in Slings
   877 | D:5      | Reached skill level 2 in Bows
   877 | D:5      | Reached skill level 2 in Crossbows
   877 | D:5      | Reached skill level 2 in Throwing
   877 | D:5      | Reached skill level 2 in Armour
   877 | D:5      | Reached skill level 2 in Shields
   877 | D:5      | Reached skill level 2 in Unarmed Combat
   877 | D:5      | Reached skill level 2 in Evocations
   924 | D:5      | Learned a level 3 spell: Stone Arrow
   948 | D:5      | Reached XP level 7. HP: 28/50 MP: 1/15
   956 | D:6      | Found a staircase to the Ecumenical Temple.
   965 | Temple   | Entered the Ecumenical Temple
  1028 | Temple   | Became a worshipper of Cheibriados the Contemplative
  1129 | D:6      | Found a stormy altar of Qazlal.
  1142 | D:6      | Noticed a slime creature
  1192 | D:6      | Noticed a slime creature
  1230 | D:6      | Reached skill level 2 in Conjurations
  1230 | D:6      | Reached skill level 2 in Hexes
  1230 | D:6      | Reached skill level 2 in Charms
  1230 | D:6      | Reached skill level 2 in Summonings
  1230 | D:6      | Reached skill level 2 in Necromancy
  1230 | D:6      | Reached skill level 2 in Translocations
  1230 | D:6      | Reached skill level 2 in Fire Magic
  1230 | D:6      | Reached skill level 2 in Ice Magic
  1230 | D:6      | Reached skill level 2 in Air Magic
  1230 | D:6      | Reached skill level 2 in Poison Magic
  1232 | D:6      | Reached skill level 3 in Transmutations
  1259 | D:6      | Reached skill level 5 in Stealth
  1278 | D:6      | Reached skill level 3 in Invocations
  1317 | D:5      | Reached * piety under Cheibriados
  1418 | D:6      | Reached XP level 8. HP: 38/57 MP: 13/16
  1458 | D:6      | Identified Fiwurouc's Papyrus of Envenoming
  1492 | D:6      | Reached skill level 6 in Earth Magic
  1496 | D:6      | Killed from afar by an orc wizard

Vault maps used:
D:1:      dpeg_arrival_round_a, palyth_stone_intersect
D:3:      grunt_dithmenos_smoke, uniq_ijyb
D:4:      first_bread
D:6:      cheibrodos_fertilizer, overflow_temple_1_default, marbit_many_paths,
          lemuel_temple_firewalk_a
D:7:      gup_ossuary_entry_pyramid, grunt_ogre_cave, uniq_menkaure
Temple:   minmay_temple_curvy_loop

Skill      XL: |  1  2  3  4  5  6  7  8 |
---------------+-------------------------+-----
Transmutations | 2 3 |  3.2
Spellcasting   | 5 |  5.8
Invocations    | 1 2 3 |  3.1
Fighting       | 1 2 |  2.8
Short Blades   | 1 2 |  2.8
Long Blades    | 1 2 |  2.8
Axes           | 1 2 |  2.8
Maces & Flails | 1 2 |  2.8
Polearms       | 1 2 |  2.8
Staves         | 1 2 |  2.8
Slings         | 1 2 |  2.8
Bows           | 1 2 |  2.8
Crossbows      | 1 2 |  2.8
Throwing       | 1 2 |  2.8
Armour         | 1 2 |  2.8
Shields        | 1 2 |  2.8
Unarmed Combat | 1 2 |  2.8
Evocations     | 1 2 |  2.8
Conjurations   | 1 2 |  2.3
Hexes          | 1 2 |  2.3
Charms         | 1 2 |  2.3
Summonings     | 1 2 |  2.3
Necromancy     | 1 2 |  2.3
Translocations | 1 2 |  2.3
Fire Magic     | 1 2 |  2.3
Ice Magic      | 1 2 |  2.3
Air Magic      | 1 2 |  2.3
Poison Magic   | 1 2 |  2.3
Dodging        | 5 |  5.4
Stealth        | 5 |  5.1
Earth Magic    | 6 |  6.0

Action                   |  1- 3 |  4- 6 |  7- 9 || total
-------------------------+-------+-------+-------++-------
Melee: Unarmed           |     1 |     9 |       ||    10
       Mace              |       |     8 |    16 ||    24
       Bite              |       |     2 |     1 ||     3
 Cast: Sandblast         |    23 |    25 |    57 ||   105
       Passwall          |     5 |    20 |     8 ||    33
  Use: Scroll            |     3 |     1 |     1 ||     5
       Potion            |       |       |     1 ||     1
  Eat: Fruit             |       |     2 |     3 ||     5
Armor: Robe              |     3 |    11 |    24 ||    38
Dodge: Dodged            |     5 |    18 |    60 ||    83

Table legend:
 A = Spawn XP
 B = Non-spawn XP
 C = Spawn XP percentage of total XP
 D = Spawn monster count
 E = Non-spawn monster count
 F = Spawn count percentage of total count
 G = Total turns spent on level
                    A         B        C        D         E        F      G
               +---------+---------+-------+---------+---------+-------+---------
         Total |       0 |    1289 |   0.0 |       0 |      57 |   0.0 |  1496
               +---------+---------+-------+---------+---------+-------+---------
           D:1 |       0 |       1 |   0.0 |       0 |       1 |   0.0 |    80
           D:2 |       0 |      16 |   0.0 |       0 |       8 |   0.0 |   213
           D:3 |       0 |      74 |   0.0 |       0 |       7 |   0.0 |   221
           D:4 |       0 |     289 |   0.0 |       0 |       5 |   0.0 |   287
           D:5 |       0 |     321 |   0.0 |       0 |      15 |   0.0 |   266
           D:6 |       0 |     588 |   0.0 |       0 |      21 |   0.0 |   324
               +---------+---------+-------+---------+---------+-------+---------

Table legend:
 A = Turns spent in this place as a percentage of turns spent in the entire game.
 B = Non-inter-level travel turns spent in this place as a percentage of non-inter-level travel turns spent in the entire game.
 C = Inter-level travel turns spent in this place as a percentage of turns spent in this place.
 D = Turns resting spent in this place as a percentage of non-inter-level travel turns spent in this place.
 E = Turns spent auto-exploring this place as a percentage of non-inter-level travel turns spent in this place.
 F = Non-inter-level travel turns spent in this place divided by the number of levels of this place that you've seen.
                   A       B       C       D       E      F
               +-------+-------+-------+-------+-------+----------------------
         Total | 100.0 | 100.0 |   0.7 |   0.0 |   0.0 | 185.6
       Dungeon |  93.2 |  93.9 |   0.0 |   0.0 |   0.0 | 199.3
        Temple |   6.8 |   6.1 |  10.9 |   0.0 |   0.0 |  90.0
               +-------+-------+-------+-------+-------+----------------------

Table legend:
 A = Kills in this place as a percentage of kills in entire the game.
 B = Kills by you in this place as a percentage of kills by you in the entire game.
 C = Kills by friends in this place as a percentage of kills by friends in the entire game.
 D = Other kills in this place as a percentage of other kills in the entire game.
 E = Experience gained in this place as a percentage of experience gained in the entire game.
 F = Experience gained in this place divided by the number of levels of this place that you have seen.
                   A       B       C       D       E      F
               +-------+-------+-------+-------+-------+----------------------
         Total | 100.0 | 100.0 |   N/A |   N/A | 100.0 | 161.1
       Dungeon | 100.0 | 100.0 |   N/A |   N/A | 100.0 | 184.1
               +-------+-------+-------+-------+-------+----------------------

Vault maps used:
D:1:      dpeg_arrival_round_a, palyth_stone_intersect
D:3:      grunt_dithmenos_smoke, uniq_ijyb
D:4:      first_bread
D:6:      cheibrodos_fertilizer, overflow_temple_1_default, marbit_many_paths,
          lemuel_temple_firewalk_a
D:7:      gup_ossuary_entry_pyramid, grunt_ogre_cave, uniq_menkaure
Temple:   minmay_temple_curvy_loop
